Map: Pillars of Gold LE

Players

AgoElazer (Elazer) - Winner!

  • Race: Zerg Zerg
  • Spawn Location: 1:00

Stats

  • Race: Protoss Protoss
  • Spawn Location: 7:00

Event: TSL 6

VOD

Have the link to the VOD?

Description

Time

  • Played on: Dec. 12, 2020, 12:01 p.m.
  • Length: 8:39

All games in this series

Show
View Real Time Build Order
Export as new Build Order

AgoElazer Zerg - Winner!

Build Orders: Hatch First 

Get SALT Encoding   

  12  0:00  Drone  
  13  0:13  Overlord  
  13  0:17  Drone  
  14  0:31  Drone x2  
  16  0:45  Drone  
  17  0:53  Hatchery  
  17  0:56  Drone  
  17  1:00  Drone  
  18  1:10  Extractor  
  17  1:15  Spawning Pool  
  17  1:18  Drone  
  17  1:22  Drone  
  18  1:28  Drone  
  20  1:40  Drone  
  20  1:51  Overlord  
  20  2:02  Queen  
  20  2:07  Queen, Drone  
  20  2:08  Zergling x2  
  26  2:14  Zergling x2, Metabolic Boost  
  27  2:17  Drone  
  27  2:22  Drone  
  29  2:26  Drone  
  30  2:32  Drone  
  31  2:39  Drone  
  31  2:42  Queen  
  34  2:47  Zergling x2  
  34  2:48  Drone  
  36  2:55  Overlord  
  36  3:02  Hatchery  
  36  3:04  Drone  
  36  3:09  Overlord  
  36  3:13  Drone x3  
  36  3:15  Drone  
  36  3:16  Drone  
  36  3:19  Drone  
  42  3:25  Queen  
  44  3:28  Drone  
  44  3:30  Drone x2  
  44  3:33  Overlord  
  47  3:41  Queen  
  47  3:43  Drone  
  47  3:44  Zergling x2  
  47  3:45  Zergling x2  
  52  3:49  Zergling x2, Spore Crawler  
  52  3:56  Overlord  
  52  4:00  Drone x4  
  56  4:09  Overlord  
  56  4:12  Drone  
  57  4:17  Drone x3  
  57  4:18  Drone  
  57  4:22  Lair  
  61  4:26  Overlord  
  61  4:27  Queen  
  62  4:36  Drone x7  
  62  4:38  Overlord  
  67  4:41  Extractor  
  67  4:43  Roach Warren  
  65  4:48  Overlord  
  65  4:49  Extractor  
  64  4:58  Overlord  
  64  4:59  Zergling x14  
  71  5:07  Drone x3  
  71  5:08  Overlord, Drone x2  
  76  5:15  Zergling x4  
  78  5:24  Nydus Network  
  78  5:27  Roach x4  
  78  5:28  Roach  
  87  5:29  Roach  
  87  5:31  Overlord  
  88  5:38  Zergling x2  
  88  5:39  Zergling x6  
  91  5:45  Zergling x10  
  92  5:51  Zergling x8  
  92  5:55  Queen  
  94  5:58  Zergling x10  
  94  6:00  Nydus Canal  
  99  6:04  Zergling x2  
  99  6:08  Zergling x2  
  101  6:12  Zergling x4  
  101  6:17  Zergling x2, Queen  
  101  6:18  Queen  
  106  6:19  Overlord  
  106  6:21  Ravager x5  
  106  6:23  Zergling x4  
  113  6:27  Zergling x6  
  115  6:33  Nydus Canal  
  115  6:46  Zergling x18  
  111  6:55  Zergling x4  
  111  6:57  Queen  
  111  6:58  Queen x2  
  115  7:04  Zergling x2  
  115  7:05  Zergling x12  
  118  7:20  Zergling x10  
  121  7:27  Zergling x4  
  119  7:33  Zergling x14, Queen x2  
  122  7:55  Queen  
  115  8:02  Zergling x14  
  118  8:18  Zergling x16  
Show
View Real Time Build Order
Export as new Build Order

Stats Protoss 

Build Orders: 1 Gate Expand, Oracle Opening 

Get SALT Encoding   

  12  0:00  Probe  
  13  0:14  Pylon  
  13  0:18  Probe (Chrono Boost)  
  14  0:27  Probe (Chrono Boost)  
  15  0:32  Probe (Chrono Boost)  
  16  0:41  Gateway  
  16  0:44  Probe  
  17  0:50  Assimilator  
  17  0:56  Probe  
  18  1:08  Probe  
  19  1:20  Probe  
  20  1:27  Nexus  
  20  1:37  Cybernetics Core  
  20  1:42  Probe  
  21  1:49  Assimilator  
  21  1:54  Probe  
  22  1:57  Pylon  
  22  2:06  Probe  
  23  2:12  Stalker (Chrono Boost)  
  25  2:16  Warp Gate  
  25  2:18  Probe  
  26  2:30  Probe  
  26  2:34  Stargate  
  27  2:38  Adept  
  27  2:42  Probe (Chrono Boost)  
  31  2:44  Probe (Chrono Boost)  
  32  2:51  Probe (Chrono Boost)  
  32  2:52  Probe (Chrono Boost)  
  32  2:56  Probe (Chrono Boost)  
  32  2:58  Probe  
  35  3:08  Adept, Probe  
  35  3:10  Probe  
  39  3:13  Gateway  
  39  3:17  Oracle (Chrono Boost)  
  39  3:22  Probe  
  39  3:24  Probe  
  44  3:34  Probe  
  44  3:36  Probe  
  46  3:48  Pylon  
  46  3:50  Pylon  
  46  4:00  Void Ray (Chrono Boost)  
  46  4:06  Probe x2  
  52  4:17  Nexus  
  52  4:19  Pylon  
  52  4:21  Probe x2  
  54  4:33  Probe x2  
  54  4:37  Assimilator  
  56  4:42  Assimilator  
  56  4:45  Probe x2, Void Ray  
  57  4:46  Stargate  
  57  4:51  Shield Battery  
  62  4:57  Probe x2  
  64  5:09  Probe  
  64  5:10  Probe  
  66  5:19  Pylon  
  66  5:20  Forge  
  66  5:22  Twilight Council, Probe x2  
  66  5:24  Void Ray  
  66  5:27  Void Ray  
  68  5:29  Adept x2  
  68  5:34  Probe x2  
  82  5:36  Probe (Chrono Boost)  
  83  5:46  Probe x2 (Chrono Boost)  
  83  5:49  Probe (Chrono Boost)  
  83  5:50  Adept  
  83  5:51  Adept  
  83  5:55  Probe x2 (Chrono Boost)  
  89  5:57  Probe (Chrono Boost)  
  89  6:00  Protoss Ground Weapons Level 1, Assimilator, Probe x2 (Chrono Boost)  
  89  6:01  Charge  
  92  6:06  Assimilator  
  92  6:07  Shield Battery  
  92  6:09  Shield Battery  
  92  6:13  Pylon  
  92  6:15  Pylon  
  92  6:19  Shield Battery  
  92  6:20  Shield Battery  
  92  6:22  Shield Battery  
  92  6:23  Void Ray x2 (Chrono Boost)  
  100  6:35  Adept x2  
  100  6:37  Shield Battery  
  100  6:39  Shield Battery  
  100  6:52  Void Ray  
  100  6:53  Void Ray  
  92  7:01  Adept  
  92  7:02  Adept  
  78  7:20  Gateway  
  78  7:21  Gateway  
  78  7:23  Gateway  
  78  7:24  Adept x2  
  78  7:25  Gateway  
  78  7:30  Shield Battery, Void Ray x2  
  78  7:31  Shield Battery  
  78  7:35  Shield Battery  
  82  7:57  Pylon  
  74  7:59  Pylon  
  74  8:01  Pylon  
  74  8:02  Pylon  
  68  8:13  Zealot  
Tags
 
Add a new tag
Caveats
  • Supply blocks, unpowered buildings, or Contaminate may cause inaccurate times.
  • Supply counts are checked every 10 seconds.